PL
CHICAGO GOLD SOX @ VANCOUVER GREY WOLVES
09/05/2024
 
TOP OF THE 1ST
Chicago Gold Sox batting - Pitching for Vancouver Grey Wolves : RHP Roderick Rhodes
Pitching: RHP Roderick Rhodes
Batting: RHB Rod Jones 0-0: Ball
1-0: Called Strike
1-1: Called Strike
1-2: Foul Ball, location: 2F
1-2: Strikes out swinging
Batting: LHB William Wise 0-0: Ball
1-0: Ground out 6-3 (Groundball, 6)
Batting: LHB Melvin Castro 0-0: Called Strike
0-1: Ball
1-1: SINGLE (Groundball, 34S)
Batting: LHB Noel Ballard 0-0: Ball
1-0: Ball
2-0: Ball
3-0: Called Strike
3-1: Called Strike
3-2: TRIPLE (Line Drive, 7LS)
Melvin Castro scores
Batting: LHB Eddie Flynn 0-0: Ball
1-0: Ball
2-0: Ball
3-0: Called Strike
3-1: Base on Balls
Batting: LHB Sam Good 0-0: Swinging Strike
0-1: Ball
1-1: Called Strike
1-2: Foul Ball, location: 2F
1-2: Strikes out swinging
Top of the 1st over - 1 run(s), 2 hit(s), 0 error(s), 2 left on base; Chicago 1 - Vancouver 0
BOTTOM OF THE 1ST
Vancouver Grey Wolves batting - Pitching for Chicago Gold Sox : RHP Plinio Pedrulho
Pitching: RHP Plinio Pedrulho
Batting: LHB Héctor Cortéz 0-0: SINGLE (Line Drive, 4MD)
Batting: LHB José Alonso 0-0: SINGLE (Line Drive, 4)
Héctor Cortéz to second
Runner from 2nd tries for 3rd, SAFE, throw made to third
Batting: LHB Emílio Barbán 0-0: Fly out, F8 (Flyball, 8LD)
Runner from 3rd tags up, SCORES, no throw
Batting: LHB Min-heui Im 0-0: Foul Ball, location: 2F
0-1: Swinging Strike
0-2: SINGLE (Groundball, 4MD)
José Alonso to second
Batting: LHB Timmy Appeldoorn 0-0: Fly out, F9 (Line Drive, 9S)
Batting: SHB Dave Orchard 0-0: Ball
1-0: Ball
2-0: Ball
3-0: Base on Balls
José Alonso to third
Min-heui Im to second
Batting: RHB Travis Newsome 0-0: Called Strike
0-1: Foul Ball, location: 2F
0-2: Ball
1-2: Ball
2-2: Ball
3-2: SINGLE (Line Drive, 78S)
José Alonso scores
Min-heui Im to third
Dave Orchard to second
Min-heui Im scores
Dave Orchard to third
Batting: LHB David Hubbard 0-0: Called Strike
0-1: Fielders Choice at 2nd, U4 (Groundball, 4M)
Bottom of the 1st over - 3 run(s), 4 hit(s), 0 error(s), 2 left on base; Chicago 1 - Vancouver 3
TOP OF THE 2ND
Chicago Gold Sox batting - Pitching for Vancouver Grey Wolves : RHP Roderick Rhodes
Batting: RHB Brent Barlow 0-0: Called Strike
0-1: Called Strike
0-2: Strikes out swinging
Batting: LHB Chris Hill 0-0: Ball
1-0: Ground out 6-3 (Groundball, 6M)
Batting: RHB Takeru Sanu 0-0: Ball
1-0: Ball
2-0: Ball
3-0: Swinging Strike
3-1: Foul Ball, location: 2F
3-2: Base on Balls
Batting: RHB Rod Jones 0-0: Swinging Strike
0-1: Ball
1-1: Called Strike
1-2: Ground out 6-3 (Groundball, 6)
Top of the 2nd over - 0 run(s), 0 hit(s), 0 error(s), 1 left on base; Chicago 1 - Vancouver 3
BOTTOM OF THE 2ND
Vancouver Grey Wolves batting - Pitching for Chicago Gold Sox : RHP Plinio Pedrulho
Batting: RHB Danny Walsh 0-0: Ball
1-0: Foul Ball, location: 2F
1-1: Called Strike
1-2: Foul Ball, location: 2F
1-2: Ball
2-2: Fly out, F6 (Line Drive, 6)
Batting: LHB Héctor Cortéz 0-0: Foul Ball, location: 2F
0-1: Ball
1-1: Ball
2-1: DOUBLE (Flyball, 8RXD)
Batting: LHB José Alonso 0-0: Ball
1-0: Swinging Strike
1-1: Ball
2-1: Ball
3-1: Base on Balls
Batting: LHB Emílio Barbán 0-0: Called Strike
0-1: Foul Ball, location: 2F
0-2: Ball
1-2: Grounds out, U3 (Groundball, 3L)
Héctor Cortéz to third
Batting: LHB Min-heui Im 0-0: Fly out, F6 (Popup, 56D)
Bottom of the 2nd over - 0 run(s), 1 hit(s), 0 error(s), 2 left on base; Chicago 1 - Vancouver 3
TOP OF THE 3RD
Chicago Gold Sox batting - Pitching for Vancouver Grey Wolves : RHP Roderick Rhodes
Batting: LHB William Wise 0-0: Called Strike
0-1: Ball
1-1: Called Strike
1-2: Fly out, F6 (Popup, 4MS)
Batting: LHB Melvin Castro 0-0: Ball
1-0: Swinging Strike
1-1: Ball
2-1: Ball
3-1: Called Strike
3-2: Base on Balls
Batting: LHB Noel Ballard 0-0: Called Strike
0-1: Foul Ball, location: 2F
0-2: Ball
1-2: Ball
2-2: Foul Ball, location: 2F
2-2: Ball
3-2: Fly out, F6 (Popup, 56)
Batting: LHB Eddie Flynn 0-0: DOUBLE (Flyball, 8LXD)
Melvin Castro to third
Batting: LHB Sam Good 0-0: Called Strike
0-1: Hit by Pitch
Batting: RHB Brent Barlow 0-0: Called Strike
0-1: Ball
1-1: Fly out, F8 (Flyball, 8LS)
Top of the 3rd over - 0 run(s), 1 hit(s), 0 error(s), 3 left on base; Chicago 1 - Vancouver 3
BOTTOM OF THE 3RD
Vancouver Grey Wolves batting - Pitching for Chicago Gold Sox : RHP Plinio Pedrulho
Batting: LHB Timmy Appeldoorn 0-0: Ball
1-0: Called Strike
1-1: SINGLE (Line Drive, 89S)
Batting: SHB Dave Orchard 0-0: Fielders Choice at 2nd, 3-6 (Groundball, 34)
Batting: RHB Travis Newsome 0-0: Called Strike
0-1: Foul Ball, location: 2F
0-2: Strikes out swinging
Batting: LHB David Hubbard 0-0: Ball
1-0: Ball
2-0: SINGLE (Line Drive, 9LS)
Dave Orchard to second
Batting: RHB Danny Walsh 0-0: Ball
1-0: Ball
2-0: Fly out, F8 (Flyball, 8LD)
Bottom of the 3rd over - 0 run(s), 2 hit(s), 0 error(s), 2 left on base; Chicago 1 - Vancouver 3
TOP OF THE 4TH
Chicago Gold Sox batting - Pitching for Vancouver Grey Wolves : RHP Roderick Rhodes
Batting: LHB Chris Hill 0-0: Called Strike
0-1: Swinging Strike
0-2: Ball
1-2: Ball
2-2: Strikes out swinging
Batting: RHB Takeru Sanu 0-0: Ground out 6-3 (Groundball, 6M)
Batting: RHB Rod Jones 0-0: Ball
1-0: Called Strike
1-1: Ball
2-1: Ground out 5-3 (Groundball, 6)
Top of the 4th over - 0 run(s), 0 hit(s), 0 error(s), 0 left on base; Chicago 1 - Vancouver 3
BOTTOM OF THE 4TH
Vancouver Grey Wolves batting - Pitching for Chicago Gold Sox : RHP Plinio Pedrulho
Pitching: RHP Steve Sanders
Batting: LHB Héctor Cortéz 0-0: Ball
1-0: Called Strike
1-1: Fly out, F7 (Flyball, 7S)
Batting: LHB José Alonso 0-0: Called Strike
0-1: Ball
1-1: Foul Ball, location: 2F
1-2: Ball
2-2: Foul Ball, location: 2F
2-2: SOLO HOME RUN (Line Drive, 9D), Distance : 342 ft
Batting: LHB Emílio Barbán 0-0: Ball
1-0: Foul Ball, location: 2F
1-1: SINGLE (Line Drive, 3D)
Batting: LHB Min-heui Im 0-0: Ball
1-0: Called Strike
1-1: Foul Ball, location: 2F
1-2: Ball
2-2: Grounds into double play, 4-6-3 (Groundball, 4)
Bottom of the 4th over - 1 run(s), 2 hit(s), 0 error(s), 0 left on base; Chicago 1 - Vancouver 4
TOP OF THE 5TH
Chicago Gold Sox batting - Pitching for Vancouver Grey Wolves : RHP Roderick Rhodes
Batting: LHB William Wise 0-0: Ball
1-0: Ball
2-0: Ball
3-0: Called Strike
3-1: Base on Balls
Batting: LHB Melvin Castro 0-0: Swinging Strike
0-1: Ball
1-1: Ball
2-1: Ball
3-1: Foul Ball, location: 2F
3-2: Base on Balls
William Wise to second
Pitching: LHP Kevin Woods
Batting: LHB Noel Ballard 0-0: Ball
1-0: Called Strike
1-1: Foul Ball, location: 2F
1-2: Ball
2-2: Ball
3-2: Foul Ball, location: 2F
3-2: Foul Ball, location: 2F
3-2: Foul Ball, location: 2F
3-2: DOUBLE (Line Drive, 78M)
William Wise scores
Melvin Castro to third
Batting: LHB Eddie Flynn 0-0: Foul Ball, location: 2F
0-1: Called Strike
0-2: Foul Ball, location: 2F
0-2: Ball
1-2: Ball
2-2: Strikes out swinging
Batting: LHB Sam Good 0-0: Swinging Strike
0-1: Ball
1-1: Ball
2-1: Ball
3-1: Swinging Strike
3-2: Base on Balls
Batting: RHB Brent Barlow 0-0: Called Strike
0-1: Ball
1-1: SINGLE (Line Drive, 89S)
Melvin Castro scores
Noel Ballard to third
Sam Good to second
Batting: LHB Chris Hill 0-0: DOUBLE (Groundball, 5L)
Noel Ballard scores
Sam Good scores
Brent Barlow to third
Batting: RHB Takeru Sanu 0-0: Ball
1-0: SINGLE (Groundball, 34D)
Brent Barlow scores
Chris Hill to third
Runner from 3rd tries for Home, SAFE, throw made home
Pitching: RHP Joshua Barnes
Batting: RHB Rod Jones 0-0: Called Strike
0-1: Foul Ball, location: 2F
0-2: Strikes out swinging
Batting: LHB William Wise 0-0: Ball
1-0: Ball
2-0: Fly out, F8 (Flyball, 8RM)
Top of the 5th over - 6 run(s), 4 hit(s), 0 error(s), 1 left on base; Chicago 7 - Vancouver 4
BOTTOM OF THE 5TH
Vancouver Grey Wolves batting - Pitching for Chicago Gold Sox : RHP Steve Sanders
Batting: LHB Timmy Appeldoorn 0-0: Called Strike
0-1: Foul Ball, location: 2F
0-2: Foul Ball, location: 2F
0-2: Ball
1-2: Ball
2-2: SOLO HOME RUN (Flyball, 89XD), Distance : 358 ft
Batting: SHB Dave Orchard 0-0: Ground out 6-3 (Groundball, 6)
Batting: RHB Travis Newsome 0-0: Fly out, F8 (Flyball, 89XD)
Batting: LHB David Hubbard 0-0: Ball
1-0: Called Strike
1-1: Ball
2-1: Ball
3-1: Base on Balls
Batting: RHB Danny Walsh 0-0: Ball
1-0: Ball
2-0: Ball
3-0: Called Strike
3-1: Swinging Strike
3-2: Base on Balls
David Hubbard to second
Batting: LHB Héctor Cortéz 0-0: Foul Ball, location: 2F
0-1: SINGLE (Line Drive, 8LS)
David Hubbard to third
Danny Walsh to second
Runner from 3rd tries for Home, throw and OUT!
Bottom of the 5th over - 1 run(s), 2 hit(s), 0 error(s), 2 left on base; Chicago 7 - Vancouver 5
TOP OF THE 6TH
Chicago Gold Sox batting - Pitching for Vancouver Grey Wolves : RHP Joshua Barnes
Batting: LHB Melvin Castro 0-0: Swinging Strike
0-1: Ball
1-1: Ground out 4-3 (Groundball, 4)
Batting: LHB Noel Ballard 0-0: Ball
1-0: Ball
2-0: Ball
3-0: Base on Balls
Batting: LHB Eddie Flynn 0-0: Ball
1-0: Foul Ball, location: 2F
1-1: Foul Ball, location: 2F
1-2: SINGLE (Groundball, 4M)
Noel Ballard to second
Batting: LHB Sam Good 0-0: Called Strike
0-1: Ball
1-1: Ball
2-1: Ball
3-1: Base on Balls
Noel Ballard to third
Eddie Flynn to second
Batting: RHB Brent Barlow 0-0: Foul Ball, location: 2F
0-1: Ball
1-1: Called Strike
1-2: Strikes out swinging
Batting: LHB Chris Hill 0-0: Fly out, F8 (Flyball, 8LD)
Top of the 6th over - 0 run(s), 1 hit(s), 0 error(s), 3 left on base; Chicago 7 - Vancouver 5
BOTTOM OF THE 6TH
Vancouver Grey Wolves batting - Pitching for Chicago Gold Sox : RHP Steve Sanders
Pitching: RHP Javier Dávila
Batting: LHB José Alonso 0-0: Foul Ball, location: 2F
0-1: Ball
1-1: Swinging Strike
1-2: Ball
2-2: Strikes out swinging
Batting: LHB Emílio Barbán 0-0: Ball
1-0: Ball
2-0: Called Strike
2-1: Hit by Pitch
Batting: LHB Min-heui Im 0-0: Foul Ball, location: 2F
0-1: Called Strike
0-2: Ball
1-2: Grounds into double play, 6-4-3 (Groundball, 6M)
Bottom of the 6th over - 0 run(s), 0 hit(s), 0 error(s), 0 left on base; Chicago 7 - Vancouver 5
TOP OF THE 7TH
Chicago Gold Sox batting - Pitching for Vancouver Grey Wolves : RHP Joshua Barnes
Batting: RHB Takeru Sanu 0-0: Ball
1-0: Ball
2-0: Foul Ball, location: 2F
2-1: Called Strike
2-2: Fly out, F5 (Popup, 15)
Batting: RHB Rod Jones 0-0: Ball
1-0: Swinging Strike
1-1: Ball
2-1: Foul Ball, location: 2F
2-2: Fly out, F6 (Popup, 6MD)
Batting: LHB William Wise 0-0: Called Strike
0-1: Ball
1-1: Ball
2-1: Ball
3-1: Base on Balls
Batting: LHB Melvin Castro 0-0: Foul Ball, location: 2F
0-1: Foul Ball, location: 2F
0-2: Foul Ball, location: 2F
0-2: Ball
1-2: SINGLE (Groundball, 56D)
William Wise to second
Pitching: RHP Burt Booth
Batting: LHB Noel Ballard 0-0: Ball
1-0: Ball
2-0: Called Strike
2-1: Ball
3-1: Called Strike
3-2: Foul Ball, location: 2F
3-2: Foul Ball, location: 2F
3-2: Foul Ball, location: 2F
3-2: SINGLE (Line Drive, 6D)
William Wise to third
Melvin Castro to second
William Wise scores
Melvin Castro to third
Batting: LHB Eddie Flynn 0-0: Called Strike
0-1: Called Strike
0-2: Fly out, F7 (Flyball, 7LM)
Top of the 7th over - 1 run(s), 2 hit(s), 0 error(s), 2 left on base; Chicago 8 - Vancouver 5
BOTTOM OF THE 7TH
Vancouver Grey Wolves batting - Pitching for Chicago Gold Sox : RHP Javier Dávila
Batting: LHB Timmy Appeldoorn 0-0: Called Strike
0-1: Ball
1-1: Ball
2-1: Ball
3-1: SINGLE (Groundball, 4M)
Batting: SHB Dave Orchard 0-0: Fly out, F8 (Flyball, 78M)
Batting: RHB Travis Newsome 0-0: Foul Ball, location: 2F
0-1: SINGLE (Line Drive, 56)
Timmy Appeldoorn to second
Batting: LHB David Hubbard 0-0: Called Strike
0-1: Ball
1-1: Swinging Strike
1-2: Ball
2-2: Ball
3-2: Base on Balls
Timmy Appeldoorn to third
Travis Newsome to second
Batting: RHB Danny Walsh 0-0: Foul Ball, location: 2F
0-1: Foul Ball, location: 2F
0-2: Foul Ball, location: 2F
0-2: Ball
1-2: Foul Ball, location: 2F
1-2: Foul Ball, location: 2F
1-2: Ball
2-2: Fly out, F6 (Popup, 6D)
Batting: LHB Héctor Cortéz 0-0: Ball
1-0: Called Strike
1-1: GRAND SLAM HOME RUN (Flyball, 9D), Distance : 350 ft
Batting: LHB José Alonso 0-0: Ball
1-0: Fly out, F7 (Flyball, 78M)
Bottom of the 7th over - 4 run(s), 3 hit(s), 0 error(s), 0 left on base; Chicago 8 - Vancouver 9
TOP OF THE 8TH
Chicago Gold Sox batting - Pitching for Vancouver Grey Wolves : RHP Burt Booth
Batting: LHB Sam Good 0-0: Swinging Strike
0-1: Foul Ball, location: 2F
0-2: Fly out, F6 (Popup, 5L)
Batting: RHB Brent Barlow 0-0: Ground out 4-3 (Groundball, 4M)
Batting: LHB Chris Hill 0-0: SINGLE (Flyball, 8RS)
Batting: RHB Takeru Sanu 0-0: Called Strike
0-1: Called Strike
0-2: Ball
1-2: Ball
2-2: Strikes out swinging
Top of the 8th over - 0 run(s), 1 hit(s), 0 error(s), 1 left on base; Chicago 8 - Vancouver 9
BOTTOM OF THE 8TH
Vancouver Grey Wolves batting - Pitching for Chicago Gold Sox : RHP Javier Dávila
Pitching: RHP Augusto Dávila
Batting: LHB Emílio Barbán 0-0: Ball
1-0: Fly out, F8 (Flyball, 8LS)
Batting: LHB Min-heui Im 0-0: Ball
1-0: Ground out 4-3 (Groundball, 34D)
Batting: LHB Timmy Appeldoorn 0-0: Called Strike
0-1: Ball
1-1: Ground out 4-3 (Groundball, 4)
Bottom of the 8th over - 0 run(s), 0 hit(s), 0 error(s), 0 left on base; Chicago 8 - Vancouver 9
TOP OF THE 9TH
Chicago Gold Sox batting - Pitching for Vancouver Grey Wolves : RHP Burt Booth
Pitching: RHP David Hudson
Batting: RHB Rod Jones 0-0: Ball
1-0: Swinging Strike
1-1: Ball
2-1: Called Strike
2-2: Strikes out swinging
Batting: LHB William Wise 0-0: Ball
1-0: Foul Ball, location: 2F
1-1: Called Strike
1-2: Ball
2-2: Strikes out looking
Batting: LHB Melvin Castro 0-0: Called Strike
0-1: Called Strike
0-2: Ball
1-2: Foul Ball, location: 2F
1-2: Strikes out swinging
Top of the 9th over - 0 run(s), 0 hit(s), 0 error(s), 0 left on base; Chicago 8 - Vancouver 9
This league is powered by Out of the Park Baseball, the baseball management simulation game for PC, Mac and Linux
Monday, October 3rd, 2016 - OOTP Baseball 16.9 Build 39